 Dungeon Crawl Stone Soup version 0.29.0-11-gd7f09526c8 (webtiles) character file.

Game seed: 3939210315334301627

1605 Zeldest the Slasher (level 8, -4/70 HPs)
             Began as a Black Draconian Fighter on Sept 4, 2022.
             Was a Believer of Qazlal.
             Slain by a two-headed ogre
             ... wielding a +0 dire flail
              (15 damage)
             ... on level 7 of the Dungeon.
             The game lasted 00:05:58 (7067 turns).

Zeldest the Slasher (Black Draconian Fighter)       Turns: 7067, Time: 00:05:59

Health: -4/70      AC:  7    Str: 19    XL:     8   Next: 63%
Magic:  12/12      EV: 13    Int:  9    God:    Qazlal [**....]
Gold:   247        SH:  7    Dex: 12    Spells: 7/7 levels left

rFire   . . .      SeeInvis +   u - +0 long sword (elec)
rCold   . . .      Faith    .   b - +0 buckler
rNeg    . . .      Spirit   .   (body armour unavailable)
rPois   .          Reflect  .   (helmet restricted)
rElec   +          Harm     .   (no cloak)
rCorr   .          Rampage  .   x - +0 pair of gloves
Will    .....                   (no boots)
Stlth   +.........              (no amulet)
HPRegen 0.21/turn               g - ring of see invisible
MPRegen 0.13/turn               (no ring)

@: short of breath
A: breathe lightning, AC +6, unfitting armour, electricity resistance,
cold-blooded
a: Breathe Lightning, Renounce Religion, Upheaval


You were on level 7 of the Dungeon.
You worshipped Qazlal.
Qazlal was pleased with you.
You visited 1 branch of the dungeon, and saw 7 of its levels.

You collected 396 gold pieces.
You spent 149 gold pieces at shops.

Inventory:

Hand Weapons
 u - a +0 long sword of electrocution (weapon)
Armour
 b - a +0 buckler (worn)
 x - a +0 pair of gloves (worn)
Jewellery
 g - a ring of see invisible (left hand)
Wands
 q - a wand of flame (12)
 r - a wand of mindburst (17)
Scrolls
 a - a scroll of summoning {unknown}
 d - 2 scrolls of teleportation {unknown}
 e - a scroll of enchant weapon {unknown}
 f - 2 scrolls of blinking {unknown}
 h - a scroll of fog {unknown}
 i - 12 scrolls of identify {unknown}
 k - a scroll of vulnerability {unknown}
 l - a scroll of enchant armour {unknown}
 n - 2 scrolls of noise {unknown}
 p - 2 scrolls of fear {unknown}
 t - a scroll of poison {unknown}
 v - a scroll of silence {unknown}
 w - a scroll of amnesia {unknown}
 y - a scroll of torment {unknown}
Potions
 c - a potion of might
 j - 3 potions of haste
 m - 2 potions of brilliance
 o - a potion of flight {unknown}
 s - 2 potions of mutation {unknown}


   Skills:
 + Level 6.1 Fighting
 * Level 6.8 Long Blades
 + Level 4.9 Dodging
 - Level 3.0 Shields
 * Level 6.1 Invocations


You had 7 spell levels left.
You didn't know any spells.
Your spell library contained the following spells:

 Spells                   Type           Power      Damage    Failure   Level
 Summon Small Mammal      Summ           0%         N/A       47%         1
 Call Canine Familiar     Summ           0%         N/A       85%         3
 Summon Guardian Golem    Hex/Summ       0%         N/A       85%         3


Dungeon Overview and Level Annotations

Branches:
Dungeon (7/15)             Temple (0/1) D:4

Altars:
Dithmenos
Fedhas
Qazlal

Shops:
D:5 (


Innate Abilities, Weirdness & Mutations

You can breathe wild blasts of lightning.
Your glossy black scales are hard. (AC +6)
You cannot fit into any form of body armour.
You are resistant to electric shocks. (rElec)
You are cold-blooded and may be slowed by cold attacks.


Message History

The bolt of lightning misses you.
The orb of electricity explodes!
You hear a shout!
Things that are here:
a +0 flail; a +0 ring mail; an orc skeleton
Items here: ( )) รท.
Things that are here:
a +0 short sword; an orc skeleton
There is a stone staircase leading up here.
Aiming: Mindburst
Press: ? - help, Shift-Dir - straight line, f - two-headed ogre
Aim: a two-headed ogre, wielding a +0 dire flail and a +0 giant spiked club (chance to affect: 47%)
The two-headed ogre resists with some effort.
You slash the two-headed ogre!
Your tail-slap misses the two-headed ogre.
The two-headed ogre is lightly wounded.
The two-headed ogre closely misses you.
The two-headed ogre hits you with a +0 giant spiked club!!
You slash the two-headed ogre!
The two-headed ogre is moderately wounded.
You block the two-headed ogre's attack.
The two-headed ogre hits you with a +0 giant spiked club!
You hit the two-headed ogre.
The two-headed ogre is heavily wounded.
The two-headed ogre barely misses you. x2
You hit the two-headed ogre but do no damage.
The two-headed ogre is heavily wounded.
You hit the two-headed ogre but do no damage.
You tail-slap the two-headed ogre.
The two-headed ogre is heavily wounded.
The two-headed ogre hits you with a +0 dire flail!
You block the two-headed ogre's attack.
You hit the two-headed ogre.
The two-headed ogre is heavily wounded.
You block the two-headed ogre's attack. x2
You hit the two-headed ogre. You tail-slap the two-headed ogre.
The two-headed ogre is severely wounded.
The two-headed ogre hits you with a +0 dire flail!!
* * * LOW HITPOINT WARNING * * *
The two-headed ogre hits you with a +0 giant spiked club!
You die...

#..######.....###.#
#..# ####...## #..#
#....#.# #..#
#.##...# #..#
#O###### #.# #.#
#)#######.#
#))).O@...#
###########


You could see a two-headed ogre.

Vanquished Creatures
  Eustachio (D:4)
  A wraith (D:6)
  A water moccasin (D:7)
  An ice beast (D:6)
  3 phantoms
  4 bullfrogs
  A scorpion (D:5)
  A necrophage (D:5)
  2 hounds
  A jelly (D:7)
  2 orc priests (D:7)
  3 iguanas
  2 orc wizards
  Robin (D:4)
  4 adders
  2 white imps (D:6)
  3 ufetubi
  3 worms
  8 dart slugs
  22 orcs
  3 bats
  2 endoplasms (D:2)
  A giant cockroach (D:1)
  12 goblins
  10 hobgoblins
  4 jackals
  8 quokkas
  3 ball pythons (D:1)
  5 frilled lizards
  6 kobolds
  6 rats
126 creatures vanquished.

Notes
Turn   | Place    | Note
-------+----------+-------------------------------------------
     0 | D:1      | Zeldest the Draconian Fighter began the quest for the Orb.
     0 | D:1      | Reached XP level 1. HP: 19/19 MP: 1/1
   292 | D:1      | Reached XP level 2. HP: 26/26 MP: 2/2
   785 | D:1      | Reached XP level 3. HP: 28/33 MP: 3/3
  1636 | D:2      | Found a faded altar of an unknown god.
  1816 | D:2      | Reached XP level 4. HP: 27/40 MP: 4/4
  2402 | D:3      | Found a blossoming altar of Fedhas.
  2834 | D:3      | Found a stormy altar of Qazlal.
  2835 | D:3      | Noticed a water elemental
  2841 | D:3      | Noticed an air elemental
  2846 | D:3      | Noticed an earth elemental
  2848 | D:3      | Noticed a fire elemental
  3091 | D:3      | Became a worshipper of Qazlal Stormbringer
  3098 | D:4      | Noticed Robin
  3101 | D:4      | Killed Robin
  3408 | D:4      | Found a shadowy altar of Dithmenos.
  3563 | D:4      | Noticed a phantom
  3583 | D:4      | HP: 2/40 [phantom (4)]
  3585 | D:4      | Killed a phantom
  3586 | D:4      | Reached skill level 1 in Invocations
  3586 | D:4      | Reached XP level 5. HP: 2/47 MP: 4/6
  3924 | D:4      | You fall into a shaft and drop 2 floors!
  3930 | D:5      | Entered Level 5 of the Dungeon
  4072 | D:4      | Found a staircase to the Ecumenical Temple.
  4266 | D:4      | Noticed Eustachio
  4286 | D:4      | HP: 2/47 [quokka[Eustachio] (2)]
  4293 | D:4      | Killed Eustachio
  4294 | D:4      | Reached XP level 6. HP: 6/53 MP: 6/8
  5054 | D:4      | Reached skill level 5 in Long Blades
  5054 | D:4      | Your scales start taking on a glossy black colour.
  5054 | D:4      | Reached XP level 7. HP: 20/60 MP: 9/9
  5054 | D:4      | Gained mutation: You are resistant to electric shocks.
                  | (rElec) [Black Draconian growth]
  5055 | D:4      | Reached * piety under Qazlal
  5316 | D:5      | Reached skill level 5 in Fighting
  5826 | D:5      | Found Muefad Tampa's Weapon Emporium.
  5834 | D:5      | Bought a +0 long sword of electrocution for 149 gold pieces
  6299 | D:6      | Noticed a wraith
  6305 | D:6      | Reached XP level 8. HP: 68/69 MP: 11/11
  6306 | D:6      | Reached skill level 5 in Invocations
  6814 | D:7      | Reached ** piety under Qazlal
  7039 | D:7      | Noticed a two-headed ogre
  7067 | D:7      | Slain by a two-headed ogre

Illustrated notes

Levels and vault maps discovered:
D:1:      matt_arrival_los_fun, layout_loops_ring, minivault_11,
          nrook_mini_backslash, bh_walls_and_bars
D:2:      layout_basic, hellmonk_ecumenical_altar_blasted, minmay_misc_feat_iff
D:3:      layout_loops_ring, nicolae_qazlal_style_of_elements,
          nicolae_overflow_crystal_walls, serial_forest,
          infiniplex_forest_diagonal, infiniplex_forest_corner_2,
          infiniplex_forest_clump_small, infiniplex_forest_clump_large,
          infiniplex_forest_clump_cross, infiniplex_forest_end_1,
          infiniplex_forest_lined_room_2, dk_noncrumbling_4
D:4:      layout_loops_cross, grunt_dithmenos_smoke_and_mirrors,
          minmay_temple_entry_statues_fountains,
          nicolae_concentric_dashed_squares_wild, uniq_eustachio, uniq_robin
D:5:      layout_basic, serial_shops, nicolae_shop_bloodbath_and_beyond
D:6:      layout_loops_ring
D:7:      layout_loops_ring, chequers_temple_overflow_statue_of_worship

Skill      XL: |  1  2  3  4  5  6  7  8 |
---------------+-------------------------+-----
Dodging        | 3 4 |  4.9
Long Blades    | 3 4 5 6 |  6.8
Fighting       | 4 5 6 |  6.1
Invocations    | 1 2 3 4 6 |  6.1
Shields        | |  3.0

Action                   |  1- 3 |  4- 6 |  7- 9 || total
-------------------------+-------+-------+-------++-------
Melee: Long sword        |   130 |   190 |   131 ||   451
       Tailslap          |    12 |    21 |    19 ||    52
 Abil: Breathe Lightning |       |       |    11 ||    11
Evoke: Wand              |       |       |     1 ||     1
  Use: Potion            |       |     4 |       ||     4
 Stab: Sleeping          |     1 |       |       ||     1
Armor: Skin              |    45 |    73 |    41 ||   159
Dodge: Dodged            |    84 |   160 |    70 ||   314
Block: Buckler           |    32 |    59 |    54 ||   145
